AoeStats
← dushyanthkuthati

MegaRandom

510184388Analyzed
4v4 RM · 4d ago on Sep 29, 2026· 69m 29s· 8 players
Game mode
Random Map
Map size
Large (8 player)
Population
200
Speed
Normal
Resources
Standard
Victory
Conquest
Starting age
Dark Age
Ending age
Imperial Age
RankedLock teamsTeams togetherTeam positionsShared explorationLock speedFull tech treeHidden civsTurbo modeCheats
Victory
Defeat
🇧🇪 Ethiopians · Belgium
1097
+13
🇳🇱 Teutons · Netherlands
1047
+15
🇬🇧 Slavs · United Kingdom
1046
+15
🇭🇺 Bohemians · Hungary
984
+18
🇫🇷 Cumans · France
1083
-18
🇧🇷 Huns · Brazil
1010
-15
🇺🇸 Varangians · United States
1008
-14
🇮🇳 Lithuanians · India
999
-14
StinkyNewt
7:02 Loom
11:49 Feudal Age
12:30 Double-Bit Axe
17:57 Castle Age
15:59 Horse Collar
23:09 Pikeman
24:16 Bow Saw
28:40 Scale Mail Armor
31:06 Heavy Plow
31:49 Wheelbarrow
32:46 Squires
36:35 Imperial Age
34:21 Hand Cart
34:43 Chain Mail Armor
34:41 Gold Mining
37:50 Plate Mail Armor
36:44 Halberdier
38:10 Gold Shaft Mining
40:21 Forging
40:31 Stone Mining
40:47 Druzhina
41:13 Conscription
40:56 Detinets
40:39 Heavy Scorpion
42:00 Siege Engineers
42:41 Fortified Wall
42:30 Fletching
45:15 Chemistry
44:35 Ballistics
44:29 Masonry
44:18 Bodkin Arrow
44:59 Iron Casting
44:32 Scale Barding Armor
46:26 Bloodlines
46:17 Husbandry
45:38 Light Cavalry
45:44 Capped Ram
46:48 Siege Ram
50:58 Blast Furnace
50:19 Chain Barding Armor
49:56 Hussar
52:14 Two-Man Saw
54:42 Elite Boyar
55:59 Hoardings
59:41 Crop Rotation
59:34 Onager
61:56 Plate Barding Armor
61:23 Murder Holes
61:42 Siege Onager
SicariusFeroxis
6:44 Loom
9:29 Feudal Age
10:50 Double-Bit Axe
16:17 Fletching
18:30 Scale Mail Armor
20:47 Wheelbarrow
23:14 Castle Age
22:36 Padded Archer Armor
24:41 Crossbowman
25:25 Bodkin Arrow
26:00 Bow Saw
33:58 Squires
34:35 Chain Mail Armor
36:00 Ballistics
36:11 Leather Archer Armor
42:38 Hand Cart
45:50 Imperial Age
44:01 Arson
46:12 Arbalester
48:09 Plate Mail Armor
47:02 Halberdier
51:46 Forging
51:37 Bracer
53:36 Iron Casting
55:20 Thumb Ring
56:29 Two-Man Saw
57:31 Conscription
56:44 Elite Shotel Warrior
57:47 Conscription
61:18 Blast Furnace
62:55 Chemistry
64:57 Murder Holes
65:50 Elite Skirmisher
MLGGandalf
2:44 Loom
11:31 Feudal Age
16:13 Castle Age
15:47 Scale Barding Armor
15:48 Double-Bit Axe
15:44 Horse Collar
16:24 Gold Mining
23:25 Town Watch
26:39 Wheelbarrow
26:15 Bow Saw
27:04 Chain Barding Armor
26:40 Pikeman
27:26 Scale Mail Armor
27:42 Forging
29:48 Chain Mail Armor
33:58 Imperial Age
31:32 Fletching
32:08 Bloodlines
32:16 Squires
33:18 Heavy Plow
34:56 Iron Casting
34:08 Arson
34:44 Hand Cart
34:16 Halberdier
36:07 Plate Mail Armor
37:34 Blast Furnace
37:35 Bodkin Arrow
38:04 Siege Engineers
40:50 Conscription
42:03 Two-Man Saw
40:57 Stone Mining
41:28 Cavalier
61:13 Plate Barding Armor
62:43 Paladin
RtW
11:04 Feudal Age
11:01 Loom
12:40 Double-Bit Axe
17:40 Man-at-Arms
21:50 Horse Collar
26:34 Castle Age
28:32 Bow Saw
28:25 Heavy Plow
31:02 Imperial Age
28:48 Forging
28:39 Padded Archer Armor
29:43 Wheelbarrow
30:01 Long Swordsman
31:04 Scale Mail Armor
32:03 Chain Mail Armor
32:08 Two-Handed Swordsman
39:07 Two-Man Saw
38:56 Town Watch
39:26 Hand Cart
40:03 Champion
46:46 Leather Archer Armor
46:21 Fletching
47:07 Iron Casting
57:05 Bodkin Arrow
57:41 Ring Archer Armor
57:48 Capped Ram
60:55 Elite Hussite Wagon
61:43 Bracer
62:43 Blast Furnace
62:14 Plate Mail Armor
63:06 Caravan
63:37 Coinage
63:18 Guilds
70:10 Scale Barding Armor
mikeespin
2:01 Loom
11:00 Feudal Age
11:48 Double-Bit Axe
21:28 Castle Age
21:11 Gold Mining
21:17 Stone Mining
21:41 Bloodlines
21:20 Arson
23:12 Husbandry
24:27 Scale Barding Armor
25:52 Pikeman
28:46 Wheelbarrow
27:57 Town Watch
29:27 Fletching
30:31 Squires
34:05 Gambesons
35:34 Forging
35:25 Scale Mail Armor
39:56 Vendel Legacy
41:00 Chain Barding Armor
vikingfou
7:52 Loom
11:00 Feudal Age
23:48 Castle Age
22:42 Bloodlines
22:43 Scale Barding Armor
22:49 Forging
22:58 Double-Bit Axe
22:55 Horse Collar
24:12 Fletching
25:52 Heavy Plow
27:51 Light Cavalry
29:10 Chain Barding Armor
29:26 Iron Casting
31:06 Bodkin Arrow
34:30 Bow Saw
36:45 Padded Archer Armor
39:26 Imperial Age
36:25 Elite Skirmisher
37:11 Thumb Ring
39:05 Ballistics
40:29 Leather Archer Armor
42:02 Chemistry
41:01 Murder Holes
40:44 Hussar
43:06 Plate Barding Armor
43:32 Blast Furnace
51:29 Cavalier
Yes
9:57 Loom
12:15 Feudal Age
16:53 Castle Age
15:43 Double-Bit Axe
15:42 Horse Collar
15:53 Gold Mining
18:57 Bow Saw
18:54 Stone Mining
20:58 Heavy Plow
22:40 Squires
22:46 Pikeman
25:30 Fletching
25:50 Padded Archer Armor
28:05 Thumb Ring
27:58 Bodkin Arrow
28:19 Leather Archer Armor
29:08 Forging
28:59 Scale Mail Armor
29:37 Ballistics
31:20 Iron Casting
30:45 Scale Mail Armor
34:40 Wheelbarrow
33:52 Town Watch
34:27 Chain Mail Armor
34:06 Arson
36:41 Hand Cart
43:06 Imperial Age
40:36 Town Patrol
40:50 Bloodlines
40:41 Husbandry
40:48 Husbandry
41:26 Light Cavalry
43:17 Halberdier
44:24 Parthian Tactics
43:22 Heavy Cavalry Archer
48:45 Conscription
49:16 Gold Shaft Mining
48:17 Hussar
dushyanthkuthati
0:39 Loom
15:30 Feudal Age
16:47 Wheelbarrow
15:54 Horse Collar
16:00 Double-Bit Axe
19:29 Gold Mining
19:29 Stone Mining
19:29 Gold Mining
19:29 Stone Mining
19:29 Gold Mining
22:13 Castle Age
20:23 Scale Barding Armor
20:28 Forging
20:23 Scale Barding Armor
20:28 Forging
20:23 Scale Barding Armor
26:42 Iron Casting
26:27 Chain Barding Armor
26:42 Iron Casting
26:27 Chain Barding Armor
26:42 Iron Casting
26:27 Chain Barding Armor
26:20 Bloodlines
26:10 Husbandry
26:20 Bloodlines
26:10 Husbandry
26:30 Heavy Plow
26:45 Bow Saw
29:31 Hand Cart
36:00 Imperial Age
34:13 Town Watch
36:06 Stone Shaft Mining
36:06 Elite Leitis
37:24 Plate Barding Armor
38:01 Crop Rotation
52:39 Hoardings
53:09 Elite Skirmisher
53:55 Tower Shields
54:21 Fletching
54:31 Padded Archer Armor
54:22 Fletching
54:32 Padded Archer Armor
56:29 Bodkin Arrow
56:49 Leather Archer Armor
56:29 Bodkin Arrow
56:49 Leather Archer Armor
56:29 Bodkin Arrow
56:50 Leather Archer Armor
57:41 Bracer
57:48 Bracer
58:48 Chemistry
58:08 Ballistics
60:07 Fortified Wall
60:09 Masonry
62:51 Bombard Tower
Connection lost

Rejoining the realm…

Still unreachable

The connection could not be restored.

Session expired

The server has moved on; the page needs a fresh start.